 Dungeon Crawl Stone Soup version 0.29-a0-757-g358383bc75 (webtiles) character file.

Game seed: 2748883328410272976

73696 Armakuni the Devastator (level 15, -1/103 HPs)
             Began as a Human Gladiator on June 29, 2022.
             Was a Believer of Elyvilon.
             Slain by an orc wizard
             ... wielding a +0 dagger
              (3 damage)
             ... on level 1 of the Orcish Mines on June 30, 2022.
             The game lasted 01:15:48 (30372 turns).

Armakuni the Devastator (Human Gladiator)          Turns: 30372, Time: 01:15:49

Health: -1/103     AC: 14    Str: 15    XL:     15   Next: 91%
Magic:  22/22      EV: 15    Int: 13    God:    Elyvilon [**....]
Gold:   1237       SH:  8    Dex: 15    Spells: 10/14 levels left

rFire   . . .      SeeInvis .   a - staff of conjuration
rCold   . . .      Faith    .   z - +3 buckler
rNeg    . . .      Spirit   .   L - +0 swamp dragon scales
rPois   +          Reflect  .   i - +1 helmet
rElec   .          Harm     .   N - scarf {repulsion}
rCorr   +          Rampage  .   r - +1 pair of gloves
Will    ++...                   H - +0 pair of boots
Stlth   +.........              (no amulet)
HPRegen 0.27/turn               K - ring of resist corrosion
MPRegen 0.18/turn               W - ring of willpower

@: about to teleport, invisible, repel missiles
A: dopey 1, wild magic 1, MP-powered wands
a: Renounce Religion, Purification, Heal Other


You were on level 1 of the Orcish Mines.
You worshipped Elyvilon.
Elyvilon was pleased with you.
You visited 4 branches of the dungeon, and saw 22 of its levels.
You also visited: Ossuary.

You collected 1854 gold pieces.
You spent 617 gold pieces at shops.

Inventory:

Armour
 i - a +1 helmet (worn)
 r - a +1 pair of gloves (worn)
 z - a +3 buckler (worn)
 H - a +0 pair of boots (worn)
 L - +0 swamp dragon scales (worn)
 N - a scarf of repulsion (worn)
Magical Staves
 a - a staff of conjuration (weapon)
 h - a staff of cold
 Q - a staff of fire
Jewellery
 J - a ring of protection from cold
 K - a ring of resist corrosion (left hand)
 W - a ring of willpower (right hand)
Wands
 b - a wand of charming (5)
 k - a wand of digging (1)
 p - a wand of polymorph (1)
 v - a wand of flame (3)
Scrolls
 d - 2 scrolls of silence
 g - 3 scrolls of vulnerability
 o - a scroll of amnesia
 w - 3 scrolls of enchant armour
 E - 5 scrolls of noise
 F - 6 scrolls of fog
 G - 12 scrolls of identify
 O - a scroll of magic mapping
 S - 10 scrolls of teleportation
Potions
 j - a potion of haste
 m - 9 potions of brilliance
 n - 7 potions of curing
 t - 4 potions of flight
 u - 2 potions of ambrosia
 y - 3 potions of lignification
 A - 3 potions of mutation
 B - a potion of invisibility
 I - 5 potions of cancellation
Miscellaneous
 l - a lightning rod (inert)


   Skills:
 - Level 5.0 Fighting
 - Level 12.0 Staves
 - Level 2.0 Throwing
 - Level 5.0 Armour
 - Level 10.0 Dodging
 - Level 4.0 Shields
 + Level 16.7 Conjurations
 - Level 10.0 Invocations
 - Level 10.0 Evocations


You had 10 spell levels left.
You knew the following spells:

 Your Spells              Type           Power      Damage    Failure   Level
a - Stone Arrow           Conj/Erth      84%        3d12      12%         3
z - Apportation           Tloc           0%         N/A       67%         1

Your spell library contained the following spells:

 Spells                   Type           Power      Damage    Failure   Level
 Foxfire                  Conj/Fire      100%       2x1d9     4%          1
 Conjure Flame            Conj/Fire      42%        6-21      12%         3
 Flame Wave               Conj/Fire      42%        2d9       32%         4
 Lightning Bolt           Conj/Air       21%        1d36      65%         5
 Necrotize                Necr           0%         1d4       67%         1
 Sandblast                Erth           0%         2d4       67%         1
 Summon Small Mammal      Summ           0%         N/A       67%         1
 Passwall                 Tmut/Erth      0%         N/A       82%         2
 Confusing Touch          Hex            0%         N/A       95%         3
 Inner Flame              Hex/Fire       0%         N/A       95%         3
 Airstrike                Air            0%         N/A       100%        4
 Cause Fear               Hex            0%         N/A       100%        4
 Summon Lightning Spire   Summ/Air       0%         N/A       100%        4
 Yara's Violent Unravell  Hex/Tmut       0%         3d3       100%        5
 Dragon Form              Tmut           0%         N/A       100%        7
 Enfeeble                 Hex            0%         N/A       100%        7
 Dragon's Call            Summ           0%         N/A       100%        9


Dungeon Overview and Level Annotations

Branches:
Dungeon (13/15)            Temple (1/1) D:6            Lair (6/6) D:8
  Swamp (0/4) Lair:4       Spider (0/4) Lair:4        Slime (0/5) Lair:5
    Orc (2/2) D:9             Elf (0/3) Orc:2        Vaults (0/5) D:13
Ossuary (visited)

Altars:
Ashenzari
Cheibriados
Dithmenos
Elyvilon
Fedhas
Gozag
Hepliaklqana
Kikubaaqudgha
Makhleb
Nemelex Xobeh
Okawaru
Qazlal
Ru
Sif Muna
Trog
Uskayaw
Vehumet
Wu Jian
Xom
Yredelemnul
Zin
The Shining One
Beogh
Jiyva

Shops:
D:7 *   D:8 !   D:10 *   D:11 [   Orc:2 **

Portals:
Abyss: D:13

Annotations:
D:13 2 transporters, Azrael
Lair:5 2 transporters, exclusion: ice statue, Nopnof's ghost, journeyman OpTm


Innate Abilities, Weirdness & Mutations

You are dopey. (Int -2)
Your spells are a little harder to cast, but a little more powerful.
You expend magic power (3 MP) to strengthen your wands.


Message History

* * * LOW HITPOINT WARNING * * *
The orc warrior hits you with a +0 battleaxe.
* * * LOW HITPOINT WARNING * * *
The orc barely misses you.
The orc high priest hits you from afar with a +0 glaive.
* * * LOW HITPOINT WARNING * * *
The orc warlord roars a battlecry!
The smoke demon gestures at you. Beogh smites you!
* * * LOW HITPOINT WARNING * * *
You feel much better. The orc closely misses you.
You block the orc warrior's attack. You block the orc's attack.
The orc wizard gestures wildly while chanting.
The orc wizard flickers and vanishes!
Deactivating autopickup; reactivate with Ctrl-A.
The orc high priest misses you. The orc closely misses you.
As you read the scroll of teleportation, it crumbles to dust.
You feel strangely unstable.
The orc high priest hits you from afar with a +0 glaive!
* * * LOW HITPOINT WARNING * * *
You block the orc's attack.
The orc warrior hits you with a +0 battleaxe!
* * * LOW HITPOINT WARNING * * *
You block the orc's attack. The orc wizard closely misses you.
The orc priest looks encouraged for a moment.
The orc priest closely misses you.
The orc warrior hits you with a +0 battleaxe.
* * * LOW HITPOINT WARNING * * *
The smoke demon gestures at you. Beogh smites you!
Elyvilon protects you from harm!
The soul eater draws from the surrounding life force!
Elyvilon protects you from harm!
Okay, then.
Unknown command.
You fade into invisibility!
The orc knight shoots a bolt.
The bolt hits the orc warrior!!
You block the orc's attack. You block the orc warrior's attack.
You block the orc's attack.
The orc wizard hits you with a +0 dagger.
You die...

...............
...............
......o......$.
....ooooo.#..#.
...oooooO....o$
...o3oooOh.....
#...3oo.oo.....
#....oo@oo.....
.....oooo....#.
..............#
.##.....#.....#
#.............
.....^.........
........$ .....
##.#...........


You could see an orc warlord (unable to see you), an orc knight (strong, unable
to see you), a soul eater (summoned), an orc high priest (strong, unable to see
you), a smoke demon (summoned, unable to see you), a warg, 2 orc sorcerers, 8
orc warriors, 2 ogres, 4 orc priests, 2 orc wizards and 9 orcs.

Vanquished Creatures
  Rupert (Lair:3)
  An ettin (Orc:1)
  2 centaur warriors (D:13)
  4 hydras
  A catoblepas (Lair:6)
  Erica (Lair:1)
  2 dancing weapons (D:13)
  3 two-headed ogres
  The ghost of Subbak the Jinx, a journeyman DsEn of Ru (D:11)
  2 orc high priests (Orc:2)
  A spectral wolf spider (D:11)
  Pikel (D:4)
  An oklob plant (Lair:5)
  2 orc sorcerers (Orc:2)
  2 ugly things
  4 cyclopes
  3 manticores
  7 elephants
  A spectral centaur (D:11)
  Joseph (D:7)
  4 black mambas
  25 cane toads
  A torpor snail (Lair:5)
  A gargoyle (D:10)
  Maggie (D:7)
  8 rime drakes
  10 komodo dragons
  4 trolls
  A tyrant leech (Lair:6)
  A hornet (Lair:2)
  4 slime creatures (D:12)
  2 spectral meliai (D:11)
  5 polar bears
  Grinder (D:4)
  35 blink frogs
  5 dream sheep (Lair:4)
  2 centaur simulacra (D:11)
  8 spriggans (Lair:2)
  A shadow (D:9)
  3 wraiths
  7 wyverns
  54 yaks
  Grum (Lair:1)
  3 basilisks
  A vampire (D:9)
  2 fire elementals
  5 vampire mosquitoes (Lair:6)
  4 steam dragons
  3 wargs
  Menkaure (D:4)
  2 acid dragons
  15 water moccasins
  Duvessa (D:6)
  A hell hound (D:13)
  6 orc warriors
  A floating eye (D:11)
  A sky beast (D:6)
  An ice beast (D:7)
  8 wolves
  10 ogres
  7 centaurs
  A lemure (D:4)
  3 kobold brigands
  A phantom (D:9)
  Blork the orc (D:6)
  4 elf zombies (Ossuary)
  A scorpion (D:5)
  25 bullfrogs
  A gnoll sergeant (D:9)
  3 wights (D:9)
  Dowan (D:6)
  2 troll zombies (D:9)
  11 killer bees
  8 howler monkeys
  3 electric eels
  2 centaur zombies (Ossuary)
  7 human zombies
  4 hounds
  2 gnoll shamans
  11 orc priests
  5 jellies
  5 iguanas
  15 orc wizards
  6 ogre zombies (D:9)
  4 mummies
  6 adders
  11 gnolls
  A river rat (D:8)
  A white imp (D:8)
  A worm (D:2)
  40 orcs
  A bat zombie (D:5)
  9 endoplasms
  6 giant cockroaches
  9 goblins
  10 hobgoblins
  11 jackals
  10 kobolds
  5 quokkas
  5 ball pythons
  3 bats
  3 frilled lizards (D:3)
  A goblin zombie (D:9)
  A hobgoblin skeleton (D:9)
  8 hobgoblin zombies
  3 orc skeletons (D:9)
  14 orc zombies
  6 rats
  2 rat zombies
  A butterfly (D:6)
591 creatures vanquished.

Vanquished Creatures (collateral kills)
  An orc warlord (Orc:1)
  An orc high priest (Orc:2)
  An orc sorcerer (Orc:2)
  A warg (Orc:1)
  2 orc warriors
  A hound (D:5)
  2 orc wizards
  An adder (D:5)
  An orc (D:5)
11 creatures vanquished.

Vanquished Creatures (others)
  A hydra (D:13)
  A two-headed ogre (D:12)
  A centaur warrior (D:13)
  An orc sorcerer (Orc:2)
  An orc knight (Orc:2)
  A komodo dragon (Lair:6)
  A yak (Lair:6)
  2 orc warriors (Orc:1)
  2 wolves (Lair:1)
  A wight (D:9)
  An orc (Orc:1)
  A kobold (D:7)
  An orc zombie (D:9)
  A bush (Lair:6)
  46 fungi
  134 plants
196 creatures vanquished.

Grand Total: 798 creatures vanquished

Notes
Turn   | Place    | Note
-------+----------+-------------------------------------------
     0 | D:1      | Armakuni the Human Gladiator began the quest for the Orb.
     0 | D:1      | Reached XP level 1. HP: 16/16 MP: 1/1
   198 | D:1      | Reached XP level 2. HP: 15/22 MP: 2/2
   556 | D:1      | Found a faded altar of an unknown god.
   563 | D:1      | Reached XP level 3. HP: 26/27 MP: 3/3
  1472 | D:2      | Reached XP level 4. HP: 33/33 MP: 4/4
  2049 | D:3      | Reached skill level 5 in Staves
  2312 | D:3      | Reached XP level 5. HP: 38/38 MP: 5/5
  2379 | D:3      | Learned a level 1 spell: Apportation
  2759 | D:3      | Reached XP level 6. HP: 36/44 MP: 6/6
  3097 | D:3      | You fall into a shaft and drop 3 floors!
  3102 | D:6      | Noticed a water moccasin
  3108 | D:5      | Entered Level 5 of the Dungeon
  3125 | D:5      | Killed a water moccasin
  3206 | D:5      | Reached XP level 7. HP: 43/50 MP: 7/7
  3339 | D:4      | Found a hide-covered altar of Uskayaw.
  3340 | D:4      | Found a stormy altar of Qazlal.
  3350 | D:4      | Found a sacrificial altar of Ru.
  3350 | D:4      | Found a white marble altar of Elyvilon.
  3370 | D:4      | Became a worshipper of Elyvilon the Healer
  3400 | D:4      | Reached skill level 5 in Dodging
  3523 | D:4      | Noticed Grinder
  3543 | D:4      | Paralysed by Grinder for 2 turns
  3569 | D:4      | Killed Grinder
  3679 | D:4      | Found a blossoming altar of Fedhas.
  3701 | D:4      | Reached XP level 8. HP: 34/56 MP: 8/8
  3741 | D:4      | Found a sand-covered staircase.
  3758 | Ossuary  | Entered an ossuary
  4573 | D:4      | Noticed Menkaure
  4588 | D:4      | Killed Menkaure
  4589 | D:4      | Reached XP level 9. HP: 61/61 MP: 9/9
  4995 | D:4      | Reached * piety under Elyvilon
  5097 | D:5      | Noticed Pikel
  5112 | D:4      | Killed Pikel
  5308 | D:5      | Found an ancient bone altar of Kikubaaqudgha.
  5768 | D:6      | Found a staircase to the Ecumenical Temple.
  5777 | Temple   | Entered the Ecumenical Temple
  6340 | D:6      | Reached ** piety under Elyvilon
  6377 | D:6      | Noticed Blork the orc
  6385 | D:6      | Killed Blork the orc
  6386 | D:6      | Reached skill level 10 in Staves
  6413 | D:6      | Noticed Edmund
  6418 | D:6      | Noticed Edmund
  6418 | D:6      | Edmund changed into Edmund the hound
  6421 | D:6      | Killed Edmund the hound
  6967 | D:6      | Noticed Duvessa
  6970 | D:6      | Noticed Dowan
  7001 | D:6      | Killed Duvessa
  7003 | D:6      | Reached XP level 10. HP: 50/67 MP: 10/10
  7012 | D:6      | Killed Dowan
  7481 | D:7      | Found Witaseng's Assorted Antiques.
  7502 | D:7      | Noticed Joseph
  7898 | D:7      | Bought a scroll of teleportation for 84 gold pieces
  8000 | D:7      | Reached skill level 10 in Dodging
  8192 | D:7      | Killed Joseph
  8389 | D:7      | Noticed Maggie
  8402 | D:7      | Gained mutation: You expend magic power (3 MP) to
                  | strengthen your wands. [potion of mutation]
  8402 | D:7      | Gained mutation: Your spells are a little harder to cast,
                  | but a little more powerful. [potion of mutation]
  8402 | D:7      | Gained mutation: You are dopey. (Int -2) [potion of
                  | mutation]
  8421 | D:7      | Killed Maggie
  8825 | D:8      | Identified the +2 chain mail of Gluttony {rF- Dex+6}
  8874 | D:8      | Found a staircase to the Lair.
  8875 | D:8      | Reached *** piety under Elyvilon
  9514 | D:8      | Found Mimolioc's Distillery.
  9526 | D:8      | Reached skill level 1 in Evocations
  9540 | D:8      | Reached skill level 1 in Invocations
  9737 | D:8      | Bought a potion of heal wounds for 65 gold pieces
  9737 | D:8      | Bought a potion of mutation for 104 gold pieces
 10301 | D:9      | Reached **** piety under Elyvilon
 10540 | D:9      | Noticed a cyclops
 10551 | D:9      | Noticed a green ugly thing
 10571 | D:9      | Reached XP level 11. HP: 51/72 MP: 13/13
 10585 | D:8      | Elyvilon protects you from harm!
 11497 | D:9      | Killed a cyclops
 11498 | D:9      | Reached skill level 5 in Invocations
 11529 | D:9      | Killed a green ugly thing
 11588 | D:9      | Upgraded the game from 0.29-a0-732-g3d7fbe0af2 to
                  | 0.29-a0-757-g358383bc75
 11683 | D:9      | Found a staircase to the Orcish Mines.
 11867 | D:9      | Found a snail-covered altar of Cheibriados.
 11921 | D:9      | Found a sparkling altar of Nemelex Xobeh.
 12129 | D:10     | Entered Level 10 of the Dungeon
 12236 | D:10     | Noticed a two-headed ogre
 12245 | D:10     | Killed a two-headed ogre
 12387 | D:10     | Found Cufaidit's Assorted Antiques.
 12393 | D:10     | Bought a twisted jewelled staff for 264 gold pieces
 12394 | D:10     | Bought a scroll of identify for 44 gold pieces
 12888 | D:10     | Found an ornate altar of the Wu Jian Council.
 13291 | D:11     | Noticed a manticore
 13299 | D:11     | Killed a manticore
 13373 | D:11     | Found a runed translucent gate.
 13373 | D:11     | Found a runed translucent gate.
 13374 | D:11     | Found a runed translucent gate.
 13375 | D:11     | Noticed a spectral wolf spider
 13375 | D:11     | Noticed Subbak's ghost (journeyman DsEn)
 13393 | D:11     | Reached XP level 12. HP: 85/85 MP: 17/19
 13402 | D:11     | Reached skill level 5 in Fighting
 13422 | D:11     | Reached skill level 10 in Invocations
 13431 | D:11     | Killed Subbak's ghost
 13445 | D:11     | Reached skill level 5 in Evocations
 13471 | D:11     | Learned a level 3 spell: Stone Arrow
 13755 | D:11     | Found Usoopn's Antique Armour Shop.
 14016 | D:11     | Noticed Urug
 14019 | D:11     | Noticed Urug
 14019 | D:11     | Urug changed into Urug the floating eye
 14020 | D:11     | Killed Urug the floating eye
 14160 | D:11     | Noticed a boulder beetle
 14166 | D:11     | Pacified a boulder beetle
 14601 | D:12     | Noticed a five-headed hydra
 14612 | D:12     | Killed a five-headed hydra
 14750 | D:12     | Noticed a two-headed ogre
 14750 | D:12     | Noticed an eight-headed hydra
 14757 | D:12     | Pacified an eight-headed hydra
 14766 | D:12     | Killed a two-headed ogre
 15150 | D:12     | Noticed a two-headed ogre
 15151 | D:12     | Noticed a two-headed ogre
 15159 | D:12     | Killed a two-headed ogre
 15281 | D:13     | Noticed Azrael
 15346 | D:12     | Reached skill level 1 in Conjurations
 15549 | D:13     | Noticed a +4 long sword
 15556 | D:13     | Killed a +4 long sword
 15557 | D:13     | Reached skill level 2 in Conjurations
 15557 | D:13     | Reached XP level 13. HP: 47/91 MP: 20/20
 15565 | D:13     | Noticed a centaur warrior
 15596 | D:13     | Reached skill level 3 in Conjurations
 15596 | D:13     | Reached skill level 10 in Evocations
 15865 | D:13     | Noticed a centaur warrior
 15877 | D:13     | Killed a centaur warrior
 15878 | D:13     | Reached skill level 4 in Conjurations
 15881 | D:13     | Noticed a four-headed hydra
 15904 | D:13     | Found a transporter.
 15910 | D:13     | Noticed a tentacled starspawn
 15932 | D:13     | Killed a centaur warrior
 15933 | D:13     | Reached skill level 5 in Conjurations
 15936 | D:13     | Found a gate to the Vaults.
 16327 | D:13     | Identified the +4 scale mail of Tuilunt {Contam rElec rCorr
                  | SInv}
 16329 | D:13     | Found a one-way gate to the infinite horrors of the Abyss.
 16513 | D:13     | Found a transporter.
 16536 | D:13     | Noticed a centaur warrior
 16537 | D:13     | Noticed a boulder beetle
 16537 | D:13     | Noticed an ettin
 16540 | D:13     | Pacified a boulder beetle
 16543 | D:13     | Reached skill level 6 in Conjurations
 16812 | D:13     | Reached skill level 7 in Conjurations
 17030 | Lair:1   | Entered Level 1 of the Lair of Beasts
 17085 | Lair:1   | Noticed Grum
 17652 | D:8      | Reached skill level 8 in Conjurations
 17814 | Lair:1   | Killed Grum
 17927 | Lair:1   | Noticed Erica
 17944 | Lair:1   | Killed Erica
 17945 | Lair:1   | Reached skill level 9 in Conjurations
 19048 | Lair:2   | Reached skill level 10 in Conjurations
 19773 | Lair:2   | Reached XP level 14. HP: 89/98 MP: 21/21
 19878 | Lair:2   | Reached skill level 11 in Conjurations
 21381 | Lair:3   | Noticed Rupert
 21399 | Lair:3   | Killed Rupert
 21400 | Lair:3   | Reached skill level 12 in Conjurations
 22522 | Lair:4   | Found a staircase to the Swamp.
 22717 | Lair:4   | Reached skill level 1 in Shields
 22742 | Lair:4   | Reached skill level 13 in Conjurations
 23259 | Lair:4   | Found a hole to the Spider Nest.
 23963 | Lair:5   | Found the +3 hat of Pondering {ponderous, Will+ MP+10
                  | Int+5}
 23969 | Lair:5   | Found a transporter.
 24603 | Lair:5   | Found a transporter.
 24618 | Lair:5   | Noticed Nopnof's ghost (journeyman OpTm)
 24836 | Lair:5   | Found a viscous altar of Jiyva.
 24837 | Lair:5   | Found a staircase to the Slime Pits.
 25037 | Lair:5   | Reached skill level 14 in Conjurations
 25504 | Lair:6   | Entered Level 6 of the Lair of Beasts
 25531 | Lair:6   | Reached XP level 15. HP: 79/103 MP: 15/22
 25705 | Lair:6   | HP: 4/103 [cane toad (16)]
 26386 | Lair:6   | Reached skill level 15 in Conjurations
 26530 | Lair:6   | Reached skill level 1 in Armour
 26770 | Lair:6   | Identified the +3 plate armour of the Merchant {rElec rC+}
 28392 | Lair:6   | Reached skill level 5 in Armour
 28830 | Orc:1    | Entered Level 1 of the Orcish Mines
 28894 | Orc:1    | Reached skill level 16 in Conjurations
 29243 | Orc:1    | Noticed an orc warlord
 29263 | Orc:1    | Killed an orc warlord
 29617 | Orc:2    | Entered Level 2 of the Orcish Mines
 29643 | Orc:2    | Found a staircase to the Elven Halls.
 29649 | Orc:1    | Noticed an orc warlord
 29866 | Orc:2    | Found Hahum's Assorted Antiques.
 29876 | Orc:2    | Bought a wand of charming (7) for 56 gold pieces
 30134 | Orc:2    | Found Voroywy's General Store.
 30367 | Orc:1    | HP: 3/103 [orc priest/divine providence[an orc high priest]
                  | (13)]
 30368 | Orc:1    | HP: 1/103 [orc priest/divine providence[an orc high priest]
                  | (8)]
 30371 | Orc:1    | Elyvilon protects you from harm!
 30371 | Orc:1    | Elyvilon protects you from harm!
 30372 | Orc:1    | Slain by an orc wizard

Illustrated notes

Levels and vault maps discovered:
D:1:      heliophobic_arrival_glass_houses, layout_loops_cross,
          nicolae_ecumenical_lake_church
D:2:      kennysheep_big_flooded_room, layout_loops_cross
D:3:      layout_basic
D:4:      layout_basic, fedhas_altar_3, grunt_temple_overflow_open,
          enter_ossuary_3, skrybe_limestone_x, nicolae_grassy_gnolls,
          uniq_grinder, uniq_menkaure
D:5:      layout_basic, lemuel_zombie_altar_kikubaaqudgha, uniq_pikel
D:6:      layout_loops_ring, minmay_temple_entry_butterflies,
          minmay_mini_ossuary, uniq_duvessa, uniq_blork_the_orc, uniq_edmund
D:7:      layout_rooms, serial_shops, nicolae_shop_advertising_works
          [nicolae_subvault_shop_adworks], kennysheep_donut,
          lemuel_old_faithful, uniq_maggie, uniq_joseph
D:8:      layout_basic, lair_entry_dummy, serial_shops, nicolae_shop_trees
D:9:      layout_basic, mainiacjoe_overflow_large_starburst, zombieorc2_lemuel,
          minmay_mirror_moons_of_madness
D:10:     layout_roguey, nzn_wu_jian_council_hall, serial_shops, shop
D:11:     layout_basic, gammafunk_ghost_necromancy, serial_shops,
          nicolae_shop_trees, uniq_urug
D:12:     layout_roguey
D:13:     giant_chief_lemuel, layout_cave_pools, erik_vaults_1,
          gammafunk_ghost_abyssal_escape, uniq_sonja, uniq_azrael
Temple:   dshaligram_water_room_temple
Lair:1:   layout_regular_city, serial_bayou_ford_a, uniq_erica, uniq_grum
Lair:2:   kb_forest_paths, layout_chaotic_city, fungi_pond_lemuel,
          beast_lair_carwin_8
Lair:3:   layout_misc_corridors, grunt_megastairs_2, uniq_rupert
Lair:4:   layout_cave_shapes, swamp_mist_pool, dummy_spider_entry,
          minmay_lair_drake_nest, serial_bayou_shore_b
Lair:5:   layout_cellular_growth, nicolae_slime_entry_slimehenge,
          nzn_ghost_randoct
Lair:6:   minmay_lair_end_frog_pond, layout_cave_pods, grunt_megastairs_4
Orc:1:    layout_caves
Orc:2:    st_orc_elflike, layout_caves, serial_shops, shop_statue, basic_altar,
          minmay_orc_temple_c

Skill      XL: |  1  2  3  4  5  6  7  8  9 10 11 12 13 14 15 |
---------------+----------------------------------------------+-----
Staves         | 4 5 6 7 8 10 12 | 12.0
Dodging        | 4 5 7 9 10 | 10.0
Evocations     | 3 4 9 10 | 10.0
Invocations    | 3 9 10 | 10.0
Fighting       | 4 5 |  5.0
Conjurations   | 2 10 14 16 | 16.7
Shields        | 4 |  4.0
Armour         | 5 |  5.0
Throwing       | |  2.0

Action                   |  1- 3 |  4- 6 |  7- 9 | 10-12 | 13-15 || total
-------------------------+-------+-------+-------+-------+-------++-------
Melee: Quarterstaff      |   103 |   147 |   436 |   790 |   347 ||  1823
       Staff             |       |       |       |       |   906 ||   906
Throw: Throwing net      |     2 |     5 |     5 |       |     1 ||    13
       Dart              |       |       |       |     1 |     1 ||     2
 Cast: Stone Arrow       |       |       |       |       |    15 ||    15
Invok: Purification      |       |       |       |     3 |     8 ||    11
       Heal Self         |       |       |       |    16 |    28 ||    44
       Heal Other        |       |       |       |     3 |    15 ||    18
Evoke: Wand              |       |     5 |     6 |    23 |    30 ||    64
       Lightning rod     |       |       |       |       |     6 ||     6
  Use: Scroll            |     3 |     5 |     3 |    14 |    14 ||    39
       Potion            |       |       |     3 |     4 |     9 ||    16
 Stab: Sleeping          |     2 |     1 |     3 |       |       ||     6
       Betrayed ally     |       |     1 |       |       |       ||     1
       Held in net/web   |       |       |     3 |       |       ||     3
       Distracted        |       |       |     2 |     3 |     6 ||    11
       Petrified         |       |       |       |       |     2 ||     2
Armor: Leather armour    |    30 |    49 |    68 |       |       ||   147
       Steam dragon scal |       |       |     1 |    16 |       ||    17
       Acid dragon scale |       |       |       |    32 |   187 ||   219
       Swamp dragon scal |       |       |       |   110 |    75 ||   185
Dodge: Dodged            |    64 |    87 |   243 |   557 |   676 ||  1627
       Repelled          |       |     1 |       |     4 |    14 ||    19
Block: Buckler           |       |       |       |       |   260 ||   260

Table legend: (Time is in decaauts)
 A = Elapsed time spent in this place.
 B = Non-inter-level travel time spent in this place.
 C = Inter-level travel time spent in this place.
 D = Time resting spent in this place.
 E = Time spent auto-exploring this place.
 F = Levels seen in this place.
 G = Mean time per level.
                   A        B        C        D        E       F      G
               +--------+--------+--------+--------+--------+-----+--------+
         Total |  29754 |  28958 |    796 |   7050 |  16092 |  23 | 1293.7 |
       Dungeon |  16784 |  16305 |    479 |   4085 |   8987 |  13 | 1291.1 |
        Temple |    137 |    115 |     22 |      0 |    104 |   1 |  137.0 |
          Lair |  10914 |  10635 |    279 |   2224 |   6491 |   6 | 1819.0 |
  Orcish Mines |   1143 |   1128 |     15 |    298 |    394 |   2 |  571.5 |
       Ossuary |    774 |    774 |      0 |    443 |    116 |   1 |  774.0 |
               +--------+--------+--------+--------+--------+-----+--------+

Top non-repeatable levels by time:
  Lair:6: 2783 daAuts
  Lair:2: 2586 daAuts
     D:8: 2491 daAuts
  Lair:5: 1882 daAuts
     D:9: 1747 daAuts
    D:13: 1503 daAuts
  Lair:1: 1466 daAuts
     D:6: 1400 daAuts
     D:7: 1391 daAuts
  Lair:4: 1272 daAuts
    D:11: 1177 daAuts
     D:1: 1156 daAuts
    D:10: 1128 daAuts
     D:2: 985 daAuts
     D:4: 984 daAuts
